 Dungeon Crawl Stone Soup version 0.23.0 (webtiles) character file.

Game seed: 4529241146547617122

121 Fang the Skirmisher (level 5, 0/33 HPs)
             Began as a Gargoyle Berserker on Feb 11, 2019.
             Was a Believer of Trog.
             Slain by an adder (3 damage)
             ... on level 2 of the Dungeon.
             The game lasted 00:02:49 (1478 turns).

Fang the Skirmisher (Gargoyle Berserker)            Turns: 1478, Time: 00:02:49

Health: 0/33       AC:  6    Str: 21    XL:     5   Next: 5%
Magic:  5/5        EV: 12    Int:  8    God:    Trog [**....]
Gold:   34         SH:  0    Dex:  9    Spells: 4/4 levels left

rFire    . . .     SeeInvis .   a - +0 hand axe
rCold    . . .     Gourm    .   (no shield)
rNeg     + . .     Faith    .   b - +0 animal skin
rPois    ∞         Spirit   .   (no helmet)
rElec    +         Reflect  .   (no cloak)
rCorr    .         Harm     .   (no gloves)
MR       .....                  (no boots)
Stlth    +.........             (no amulet)
HPRegen  0.11/turn              (no ring)
MPRegen  0.09/turn              (no ring)

@: confused, berserk cooldown, slowed, very slow
A: negative energy resistance 1, electricity resistance, unbreathing,
petrification resistance, rot immunity, AC +4
a: Berserk, Trog's Hand, Renounce Religion


You were on level 2 of the Dungeon.
You worshipped Trog.
Trog was pleased with you.
You were hungry.

You visited 1 branch of the dungeon, and saw 2 of its levels.

You collected 34 gold pieces.

Inventory:

Hand Weapons
 a - a +0 hand axe (weapon)
Armour
 b - a +0 animal skin (worn)
Scrolls
 g - a scroll of identify {unknown}
 h - a scroll of enchant armour {unknown}
 i - a scroll of teleportation {unknown}
Potions
 d - 2 potions of cancellation {unknown}
 e - a potion of lignification {unknown}
Comestibles
 c - 2 rations


   Skills:
 + Level 4.2 Fighting
 + Level 3.3 Axes
 + Level 3.3 Armour
 + Level 2.4 Dodging


You had 4 spell levels left.
You didn't know any spells.
Your spell library was empty.

Dungeon Overview and Level Annotations

Branches:
Dungeon (2/15)

Altars:


Innate Abilities, Weirdness & Mutations

You are resistant to torment.
Your stone body is resilient. (AC +4)
You are immune to poison.
You resist negative energy. (rN+)
You are resistant to electric shocks. (rElec)
You can survive without breathing.
You are immune to petrification.
You are immune to rotting.


Message History

The orc wizard flickers and vanishes!
Deactivating autopickup; reactivate with Ctrl-A.
You feel less confused.
A magic dart appears from out of thin air!
The magic dart hits you.
* * * LOW HITPOINT WARNING * * *
You hear some strange, mumbled words.
Something tries to affect you, but you resist.
An adder comes into view.
The adder hisses angrily.
All of the chunks of flesh in your inventory have rotted away.
You hear some strange, mumbled words.
You are confused.
Something hits you but does no damage.
You barely miss something. You barely miss the adder.
The adder barely misses you. Something hits you but does no damage.
The adder misses you. Something hits you.
* * * LOW HITPOINT WARNING * * *
You bump into the rock wall.
The adder bites you.
You die...

#.....#
#####.#########
#.........#
#########%#
#####.###
#...))..#
#.###o#.# #{#.#
#@#.# #S#.#
#.#.# ..#.#
#.##.# #. #. #.
#.


You could see an adder and an orc.

Vanquished Creatures
  An orc priest (D:2)
  An orc wizard (D:2)
  A gnoll (D:1)
  2 dart slugs
  A leopard gecko (D:1)
  An orc (D:2)
  3 giant cockroaches
  5 goblins
  4 hobgoblins
  10 jackals
  3 bats
  3 frilled lizards
  4 kobolds (D:1)
  3 rats (D:1)
42 creatures vanquished.

Notes
Turn   | Place    | Note
-------+----------+-------------------------------------------
     0 | D:1      | Fang the Gargoyle Berserker began the quest for the Orb.
     0 | D:1      | Reached XP level 1. HP: 14/14 MP: 1/1
   283 | D:1      | Reached XP level 2. HP: 19/19 MP: 2/2
   691 | D:1      | Reached ** piety under Trog
   695 | D:1      | Reached XP level 3. HP: 17/23 MP: 3/3
  1464 | D:2      | Reached XP level 4. HP: 16/29 MP: 4/4
  1467 | D:2      | Reached skill level 4 in Fighting
  1467 | D:2      | Reached XP level 5. HP: 8/33 MP: 5/5
  1478 | D:2      | Slain by an adder

Skill      XL: |  1  2  3  4 |
---------------+-------------+-----
Dodging        | 2 |  2.4
Axes           | 3 |  3.3
Armour         | 3 |  3.3
Fighting       | 4 |  4.2

Action                   |  1- 3 |  4- 6 || total
-------------------------+-------+-------++-------
Melee: Hand axe          |   119 |     4 ||   123
Invok: Berserk           |     2 |       ||     2
  Eat: Chunk             |     3 |       ||     3
Armor: Animal skin       |    60 |     2 ||    62
Dodge: Dodged            |   112 |     2 ||   114
